 Dungeon Crawl Stone Soup version bcrawl-1.21.3-2-g9d8a61a446 (webtiles) character file.

Game seed: 15167660397380457248

24537 Edwards80 the Blocker (level 13, -5/115 HPs)
             Began as a Hill Orc Fighter on Apr 21, 2020.
             Was a High Priest of Makhleb.
             Slain by a salamander
             ... wielding a +0 trident
              (8 damage)
             ... on level 1 of the Snake Pit.
             The game lasted 00:50:04 (13719 turns).

Edwards80 the Blocker (Hill Orc Fighter)           Turns: 13719, Time: 00:50:05

Health: -5/115     AC: 22    Str: 24    XL:     13   Next: 13%
Magic:  0/13       EV:  9    Int:  8    God:    Makhleb [*****.]
Gold:   316        SH: 23    Dex: 10    Spells: 12/12 levels left

rFire    . . .     SeeInvis +   a - +3 war axe (freeze)
rCold    . . .     Gourm    .   m - +3 large shield
rNeg     . . .     Faith    .   R - +3 chain mail
rPois    .         Spirit   +   P - +2 helmet {SInv}
rElec    .         Reflect  .   o - +0 cloak
rCorr    .         Harm     .   (no gloves)
MR       +....                  j - +0 pair of boots
Stlth    ..........             E - amulet of guardian spirit
HPRegen  0.29/turn              p - ring of protection from magic
MPRegen  0.13/turn              g - +3 ring of evasion

@: no status effects
A: no striking features
a: Minor Destruction, Lesser Servant of Makhleb, Major Destruction, Greater
Servant of Makhleb, Renounce Religion


You were on level 1 of the Snake Pit.
You worshipped Makhleb.
Makhleb was extremely pleased with you.
You were not hungry.

You visited 3 branches of the dungeon, and saw 14 of its levels.

You collected 815 gold pieces.
You spent 499 gold pieces at shops.

Inventory:

Hand Weapons
 a - a +3 war axe of freezing (weapon)
 t - a +5 halberd
 v - a +1 antimagic trident
 y - a +4 trident
 A - a +0 war axe
Missiles
 b - 2 throwing nets {!f}
 f - 227 tomahawks
 k - 56 poisoned tomahawks
 O - 34 tomahawks of dispersal (quivered)
Armour
 j - a +0 pair of boots (worn)
 m - a +3 large shield (worn)
 o - a +0 cloak (worn)
 P - a +2 helmet of see invisible (worn)
 R - a +3 chain mail (worn)
Jewellery
 g - a +3 ring of evasion (right hand)
 i - an uncursed ring of magical power
 p - a ring of protection from magic (left hand)
 z - an uncursed ring of protection from fire
 E - an amulet of guardian spirit (around neck)
 F - an uncursed ring of protection from fire
 G - an uncursed amulet of guardian spirit
 S - the ring of Robustness {AC+8}
   (You found it on level 2 of the Lair of Beasts)

   [ring of protection]

   It affects your AC (+8).
 T - a -5 ring of dexterity
Wands
 d - a wand of polymorph (22)
 B - a wand of paralysis (19)
 D - a wand of random effects (18)
 I - a wand of enslavement (8)
 K - a wand of flame (38)
 M - a wand of disintegration (14)
 N - a wand of acid (1)
 Q - a wand of iceblast (22)
Scrolls
 h - 2 scrolls of immolation {unknown}
 u - 4 scrolls of remove curse
 x - a scroll of teleportation
 C - 2 scrolls of identify
 H - 2 scrolls of amnesia
 J - a scroll of magic mapping
 L - a scroll of blinking
 V - a scroll of torment {unknown}
Potions
 c - 6 potions of curing
 l - 2 potions of brilliance {unknown}
 n - a potion of haste
 q - 3 potions of flight {unknown}
 r - a potion of berserk rage {unknown}
 s - 2 potions of magic {unknown}
 w - 2 potions of resistance
 U - a potion of agility {unknown}
 W - a potion of lignification {unknown}
Comestibles
 e - 16 rations {!d}


   Skills:
 + Level 10.9 Fighting
   Level 10.9 Short Blades
   Level 10.9 Long Blades
   Level 10.9 Axes
   Level 10.9 Maces & Flails
   Level 10.9 Polearms
   Level 10.9 Staves
 + Level 13.2 Armour
 + Level 14.7 Shields
   Level 10.9 Unarmed Combat


You had 12 spell levels left.
You didn't know any spells.
Your spell library contained the following spells:

 Spells                   Type           Power        Failure   Level  Hunger
 Beastly Appendage        Tmut           #.....       100%        1    ##.....
 Corona                   Hex            #......      100%        1    ##.....
 Ensorcelled Hibernation  Hex/Ice        #.....       100%        2    ###....
 Sticks to Snakes         Tmut           #.......     100%        2    ###....
 Confuse                  Hex            #.......     100%        3    ####...
 Dazzling Spray           Conj/Hex       #.....       100%        3    ####...
 Ozocubu's Armour         Chrm/Ice       #.......     100%        3    ####...
 Spectral Weapon          Hex/Chrm       #.......     100%        3    ####...
 Spider Form              Tmut/Pois      #..          100%        3    ####...
 Tukima's Dance           Hex            #.......     100%        3    ####...
 Ice Form                 Ice/Tmut       #.......     100%        4    #####..
 Blade Hands              Tmut           #.........   100%        5    ######.
 Steam Barrier            Chrm/Fire      #.........   100%        6    #######
 Time Stop                Chrm/Tloc      N/A          100%        8    #######


Dungeon Overview and Level Annotations

Branches:
Dungeon (9/12)             Temple (0/1) D:6            Lair (4/6) D:9
  Swamp (0/3) Lair:4        Snake (1/3) Lair:4          Orc (0/1) D:9

Altars:
Cheibriados
Elyvilon
Fedhas
Hepliaklqana
Makhleb
Okawaru
Trog
Uskayaw
Vehumet

Shops:
D:6 *   D:8 [


Message History

The salamander is heavily wounded.
The salamander hits you with a +0 trident!
You are engulfed in flames!
* * * LOW HITPOINT WARNING * * *
You barely miss the salamander.
The salamander is heavily wounded.
You block the salamander's attack.
You hit the salamander. You freeze the salamander.
The salamander is heavily wounded.
You block the salamander's attack.
You hit the salamander. You freeze the salamander.
The salamander is severely wounded.
The salamander hits you with a +0 trident.
* * * LOW HITPOINT WARNING * * *
You are engulfed in flames!
* * * LOW HITPOINT WARNING * * *
The salamander hits you with a +0 trident!
* * * LOW HITPOINT WARNING * * *
You are engulfed in flames!
You die...

##......... ..#
..^.......# ...#
...>......# ...#
..........## #..#
#.........##...#
##.......)....#
##....))....##
##..N......###
##..@.........
#............#
#.<........###
#.........##
...............##
..........(.....#
.........#........
.....######.......
..... ......


You could see a salamander.

Vanquished Creatures
  A hydra (Lair:1)
  A naga warrior (Snake:1)
  An anaconda (Lair:4)
  A two-headed ogre (D:8)
  A naga sharpshooter (Snake:1)
  A deep elf mage (D:9)
  2 black mambas
  21 cane toads
  A gargoyle (D:9)
  3 komodo dragons
  A tyrant leech (Lair:4)
  14 blink frogs
  8 hippogriffs
  10 yaks
  Eustachio (D:5)
  A basilisk (Lair:2)
  2 hungry ghosts (D:9)
  2 two-headed ogre zombies (D:9)
  3 crocodiles
  6 nagas (Lair:4)
  2 water moccasins
  2 porcupines
  2 ice beasts
  A sky beast (D:5)
  2 black bears
  6 ogres
  3 phantoms
  6 orc warriors
  2 centaurs (D:8)
  Blork the orc (D:6)
  2 big kobolds
  8 bullfrogs
  A wyvern zombie (D:7)
  3 scorpions
  7 wights (D:6)
  6 killer bees (D:8)
  An electric eel (Lair:4)
  3 howler monkeys (D:7)
  6 crimson imps
  A quasit (D:8)
  3 bullfrog zombies
  5 jellies
  5 hounds
  2 centaur skeletons (D:4)
  A bullfrog skeleton (D:4)
  5 orc priests
  An iguana (D:6)
  7 orc wizards
  6 hell rats (Lair:4)
  5 worker ants
  6 ogre zombies (D:9)
  A worker ant zombie (D:6)
  12 adders
  7 gnolls
  5 shadow imps
  An ooze (D:1)
  An adder zombie (D:4)
  A worm (D:3)
  6 dart slugs
  5 leopard geckos
  23 orcs
  4 bats
  4 giant cockroaches
  10 hobgoblins
  7 jackals
  5 quokkas
  A frilled lizard (D:3)
  7 goblins (D:1)
  3 goblin skeletons (D:9)
  A goblin zombie (D:9)
  A hobgoblin skeleton (D:9)
  A jackal skeleton (D:5)
  19 kobolds
  7 orc skeletons (D:9)
  13 orc zombies (D:9)
  A quokka skeleton (D:4)
  3 rats (D:1)
  4 plants
345 creatures vanquished.

Vanquished Creatures (others)
  12 fungi
  2 plants (D:9)
14 creatures vanquished.

Grand Total: 359 creatures vanquished

Notes
Turn   | Place    | Note
-------+----------+-------------------------------------------
     0 | D:1      | Edwards80 the Hill Orc Fighter began the quest for the Orb.
     0 | D:1      | Reached XP level 1. HP: 20/20 MP: 1/1
     2 | D:1      | Noticed a merfolk
     4 | D:1      | Noticed a naga
     4 | D:1      | Noticed a halfling
     6 | D:1      | Noticed a vine stalker
     6 | D:1      | Noticed an ogre
     8 | D:1      | Noticed a centaur
    10 | D:1      | Noticed a formicid
    10 | D:1      | Noticed a demigod
    12 | D:1      | Noticed a spriggan
    12 | D:1      | Noticed a gargoyle
    14 | D:1      | Noticed a minotaur
    14 | D:1      | Noticed an octopode
    16 | D:1      | Noticed a vampire
    16 | D:1      | Noticed a demonspawn
    18 | D:1      | Noticed a draconian
    18 | D:1      | Noticed a dwarf
    20 | D:1      | Noticed a tengu
    22 | D:1      | Noticed a felid
    24 | D:1      | Noticed a human
    24 | D:1      | Noticed a ghoul
    26 | D:1      | Noticed an elf
    26 | D:1      | Noticed a troll
    69 | D:1      | Reached XP level 2. HP: 16/27 MP: 2/2
   298 | D:1      | Reached XP level 3. HP: 34/34 MP: 3/3
  1227 | D:2      | Reached XP level 4. HP: 41/41 MP: 4/4
  1267 | D:2      | Found a blossoming altar of Fedhas.
  1423 | D:2      | Reached skill level 4 in Shields
  1768 | D:3      | Found a faded altar of an unknown god.
  1815 | D:3      | Reached XP level 5. HP: 47/47 MP: 5/5
  2184 | D:3      | Reached skill level 5 in Shields
  2328 | D:3      | Found a burning altar of Makhleb.
  2334 | D:3      | Became a worshipper of Makhleb the Destroyer
  2358 | D:3      | Found a white marble altar of Elyvilon.
  2536 | D:4      | Reached XP level 6. HP: 34/55 MP: 6/6
  2543 | D:4      | Reached skill level 5 in Fighting
  2583 | D:4      | Reached skill level 6 in Shields
  2591 | D:4      | Found a snail-covered altar of Cheibriados.
  2787 | D:4      | Reached skill level 5 in Armour
  2862 | D:4      | Reached XP level 7. HP: 61/61 MP: 7/7
  3090 | D:4      | Found a hazy altar of Hepliaklqana.
  3220 | D:5      | Entered Level 5 of the Dungeon
  3255 | D:5      | Reached skill level 7 in Shields
  3259 | D:5      | Noticed Eustachio
  3276 | D:5      | Killed Eustachio
  3341 | D:5      | Reached XP level 8. HP: 53/68 MP: 8/8
  3344 | D:5      | Reached * piety under Makhleb
  3349 | D:5      | Reached skill level 8 in Shields
  3625 | D:5      | Reached skill level 9 in Shields
  4148 | D:6      | Noticed Blork the orc
  4161 | D:6      | Killed Blork the orc
  4271 | D:6      | Found a radiant altar of Vehumet.
  4278 | D:6      | Reached XP level 9. HP: 66/75 MP: 9/9
  4291 | D:6      | Reached skill level 10 in Shields
  4609 | D:6      | Found a staircase to the Ecumenical Temple.
  4619 | D:6      | Found Ymeu's General Store.
  4653 | D:6      | Bought a potion of haste for 110 gold pieces
  4653 | D:6      | Bought a potion of curing for 33 gold pieces
  4653 | D:6      | Bought a scroll of remove curse for 33 gold pieces
  4653 | D:6      | Bought a potion of might for 44 gold pieces
  4767 | D:6      | Found a hide-covered altar of Uskayaw.
  4892 | D:6      | Found a radiant altar of Vehumet.
  5008 | D:6      | Found a bloodstained altar of Trog.
  5289 | D:6      | Reached ** piety under Makhleb
  5823 | D:7      | Identified Raffoj's Tome of Protection
  6071 | D:7      | Reached skill level 11 in Shields
  6083 | D:7      | Reached XP level 10. HP: 53/86 MP: 7/10
  6583 | D:8      | Found an iron altar of Okawaru.
  6622 | D:8      | Noticed a two-headed ogre
  6637 | D:8      | Killed a two-headed ogre
  6783 | D:8      | Reached *** piety under Makhleb
  6945 | D:8      | Reached skill level 12 in Shields
  7242 | D:8      | Found Uluxoidd's Armour Shoppe.
  7251 | D:8      | Bought a +2 helmet of see invisible for 279 gold pieces
  7355 | D:9      | Found a staircase to the Orcish Mines.
  7430 | D:9      | Reached skill level 10 in Armour
  7432 | D:9      | Reached **** piety under Makhleb
  7456 | D:9      | Reached XP level 11. HP: 94/95 MP: 7/11
  7811 | D:9      | Noticed a cyclops
  7893 | D:9      | Noticed a deep elf mage
  8188 | D:9      | Killed a deep elf mage
  8295 | D:9      | Noticed a centaur warrior
  8325 | D:9      | Found a staircase to the Lair.
  8340 | Lair:1   | Entered Level 1 of the Lair of Beasts
  8962 | Lair:1   | Noticed an eight-headed hydra
  8974 | Lair:1   | Killed a ten-headed hydra
  9376 | Lair:2   | Reached skill level 13 in Shields
  9496 | Lair:2   | Found the ring of Robustness {AC+8}
 10048 | Lair:2   | Reached ***** piety under Makhleb
 10484 | Lair:3   | Reached XP level 12. HP: 105/105 MP: 12/12
 10972 | Lair:3   | Reached skill level 10 in Fighting
 11482 | Lair:4   | Noticed a six-headed hydra
 11494 | Lair:4   | Reached skill level 14 in Shields
 11496 | Lair:4   | a ten-headed hydra changed into a tyrant leech
 11983 | Lair:4   | Found a staircase to the Snake Pit.
 12100 | Lair:4   | Found a staircase to the Swamp.
 13083 | Snake:1  | Entered Level 1 of the Snake Pit
 13087 | Snake:1  | Reached XP level 13. HP: 114/114 MP: 13/13
 13719 | Snake:1  | HP: 3/115 [salamander/+0 trident (9)]
 13719 | Snake:1  | Slain by a salamander

Skill      XL: |  1  2  3  4  5  6  7  8  9 10 11 12 |
---------------+-------------------------------------+-----
Shields        | 4 5 6 7 9 11 12 13 14 | 14.7
Armour         | 4 5 6 8 10 11 13 | 13.2
Fighting       | 5 7 8 9 10 | 10.9
Short Blades   | | 10.9
Long Blades    | | 10.9
Axes           | | 10.9
Maces & Flails | | 10.9
Polearms       | | 10.9
Staves         | | 10.9
Unarmed Combat | | 10.9

Action                   |  1- 3 |  4- 6 |  7- 9 | 10-12 | 13-15 || total
-------------------------+-------+-------+-------+-------+-------++-------
Melee: War axe           |    90 |   174 |   278 |   757 |    72 ||  1371
       Trident           |       |       |    95 |       |       ||    95
Throw: Tomahawk          |     5 |       |       |    13 |       ||    18
Evoke: Wand              |       |       |       |    11 |       ||    11
  Use: Scroll            |     2 |     2 |     2 |     8 |       ||    14
       Potion            |       |       |     3 |     7 |     4 ||    14
  Eat: Chunk             |     1 |     4 |     2 |     7 |       ||    14
       Ration            |       |     1 |     2 |     7 |     1 ||    11
Armor: Scale mail        |    43 |    45 |       |       |       ||    88
       Chain mail        |       |     3 |   129 |    83 |    21 ||   236
       Skin              |       |       |    31 |       |       ||    31
       Plate armour      |       |       |    29 |   200 |       ||   229
Dodge: Dodged            |    31 |    65 |    98 |   157 |    10 ||   361
Block: Medium shield     |    36 |       |       |       |       ||    36
       Large shield      |    11 |   169 |   394 |   872 |   109 ||  1555
